[Event "Late-Titled-Tuesday-Blitz-January-30-2024"]
[Site "Chess.com"]
[Date "2024.01.30"]
[Round "7"]
[White "SpeedofLight0"]
[Black "Firouzja2003"]
[Result "1-0"]
[WhiteElo "3032"]
[BlackElo "3125"]
[TimeControl "180+1"]
[EndTime "15:17:14 PST"]
[Termination "SpeedofLight0 won by resignation"]

1. d4 Nf6 2. Nc3 d5 3. Bf4 g6 4.
Qd2 Bg7 5. h4 c5 6. e3 Nc6 7.
O-O-O O-O 8. f3 Qa5 9. g4 cxd4 10. exd4 h5 11. Kb1 Bd7 12. Bh6 Rac8 13. Nge2 Bxh6 14.
Qxh6 Nb4 15. a3 Nxc2 16. Kxc2 hxg4 17. h5 Bf5+ 18. Kd2 Qb6 19. hxg6 fxg6 20. Nxd5 Qxb2+ 21. Ke1 Kf7 22. Nxf6 exf6 23. Qh7+ Ke6 24. fxg4 Be4 25. Rh3 Kd6 26. Re3 Rfe8 27. Qf7 Re6 28. Nf4 Rce8 29. Nxe6 Rxe6 30. Bc4 Re7 31. Qxf6+ Kd7 32. Qf4 Qg2 33. Bf1 Qh1 34. Rc1 1-0

[Event "Late-Titled-Tuesday-Blitz-January-30-2024"]
[Site "Chess.com"]
[Date "2024.01.30"]
[Round "7"]
[White "TheCavemanChess"]
[Black "Schattman"]
[Result "1-0"]
[WhiteElo "2688"]
[BlackElo "2462"]
[TimeControl "180+1"]
[EndTime "15:17:14 PST"]
[Termination "TheCavemanChess won on time"]

1. Nf3 Nf6 2. g3 g6 3. Bg2 Bg7 4. O-O d5 5. c4 c6 6. d4 O-O 7. cxd5 cxd5 8. Nc3 Ne4 9. Bf4 Nc6 10. Ne5 Nxc3 11. bxc3 Nxe5 12. dxe5 Be6 13. Rb1 Qc7 14. Bxd5 Rfd8 15. Rxb7 Qxc3 16. Qb3 Qxb3 17. Bxb3 Bxb3 18.
axb3 Rab8 19. Rxe7 Rxb3 20. Rxa7 Rb2 21. Re1 Re8 22.
Rd1 Bxe5 23. Bxe5 Rxe5 24. Rd8+ Kg7 25. Rdd7 Rf5 26. Kf1 Rb1+ 27. Kg2 Rb2 28. Re7 h5 29. f4 h4 30. Kf3 hxg3 31. hxg3 Rb3+ 32. Kg4 Rf6 33.
e4 Kf8 34. e5 Rf5 35. Rec7 Rb8 36. Rab7 Rxb7 37. Rxb7 Rh5 38. Kf3 Rh1 39. Ke4 Re1+ 40. Kf3 Ke8 41. Kg4 Kf8 42. Kg5 Kg7 43. Ra7 Re2 44.
Re7 Re1 45. g4 Re2 46. Rb7 Re1 47. Ra7 Re2 48. Ra1 Re3 49. Ra5 Re2 50. Rd5 Re1 51. Rd2 Re3 52. Rd7 Re4 53. Re7 Re3 54. f5 gxf5 55. gxf5 Kf8 56. Kf6 Rh3 57. Rxf7+ Ke8 58. e6 Rh6+ 59. Ke5 Rh1 60. Ra7 Re1+ 61. Kf6 Kd8 62.
Ra8+ Kc7 63. e7 1-0

[Event "Late-Titled-Tuesday-Blitz-January-30-2024"]
[Site "Chess.com"]
[Date "2024.01.30"]
[Round "7"]
[White "ozates"]
[Black "sjoerd893"]
[Result "1-0"]
[WhiteElo "2628"]
[BlackElo "2494"]
[TimeControl "180+1"]
[EndTime "15:17:14 PST"]
[Termination "ozates won by resignation"]

1. e4 c5 2. Nc3 Nc6 3. Bb5 Nd4 4. Nf3 a6 5. Bc4 Nc6 6. a4 g6 7.
d4 cxd4 8. Nxd4 Bg7 9. Be3 Nf6 10. Nxc6 bxc6 11. e5 Nd5 12. Nxd5 cxd5 13. Qxd5 O-O 14. Qxa8 Bxe5 15. O-O Qc7 16. Qe4 Bxh2+ 17. Kh1 e6 18. Qh4 Be5 19. c3 Bb7 20. Bd3 f5 21. Bd4 Bf4 22. Qe7 Bh6 23. Qc5 Qf4 24. Qe5 Qh4+ 25. Qh2 Qg5 26. Rae1 Bc6 27. Re3 Rf7 28.
Rg3 Qd2 29. Bxa6 d6 30. Bb5 Bb7 31. a5 e5 32. Be3 Bxe3 33. fxe3 Qxb2 34. Bc4 d5 35. a6 Bc8 36. Bxd5 1-0

[Event "Late-Titled-Tuesday-Blitz-January-30-2024"]
[Site "Chess.com"]
[Date "2024.01.30"]
[Round "7"]
[White "ElephantChessGenius"]
[Black "Chesstrainer1"]
[Result "0-1"]
[WhiteElo "2241"]
[BlackElo "2484"]
[TimeControl "180+1"]
[EndTime "15:17:14 PST"]
[Termination "Chesstrainer1 won by checkmate"]

1. e4 c5 2. Nc3 a6 3. d4 cxd4 4. Qxd4 Nc6 5. Qd2 Nf6 6. b3 e6 7.
Bb2 b5 8. f3 Bb7 9. O-O-O Bb4 10.
Nge2 O-O 11. g4 Qa5 12. Kb1 Rfd8 13. g5 Ne8 14. Qe3 Rac8 15. h4 Ba3 16. Ba1 Nb4 17. h5 Nxc2 18. Kxc2 b4 19. g6 bxc3 20. h6 fxg6 21.
hxg7 Bc5 22. Qh6 Qxa2+ 23. Kd3 Nf6 24. Bxc3 d5 25. e5 d4 26. exf6 dxc3+ 27. Nd4 Rxd4+ 28. Kxc3 Bb6+ 29. Bc4 Rcxc4+ 30. bxc4 Rxc4+ 31. Kd3 Qc2# 0-1

[Event "Late-Titled-Tuesday-Blitz-January-30-2024"]
[Site "Chess.com"]
[Date "2024.01.30"]
[Round "7"]
[White "cristiano78"]
[Black "neri_gaite"]
[Result "1-0"]
[WhiteElo "2293"]
[BlackElo "2013"]
[TimeControl "180+1"]
[EndTime "15:17:15 PST"]
[Termination "cristiano78 won by resignation"]

1. d4 d5 2. c4 e6 3. Nf3 Nf6 4. Nc3 Be7 5. Bg5 O-O 6. e3 h6 7.
Bxf6 Bxf6 8. cxd5 exd5 9. Qb3 c6 10. Be2 Qc7 11. Rc1 Be6 12. O-O Na6 13. Bxa6 bxa6 14. Nxd5 Bxd5 15. Qxd5 Qxh2+ 16. Kxh2 cxd5 17. Rc6 Rfb8 18.
b3 Rb6 19. Rfc1 Kf8 20. Rc8+ Rxc8 21. Rxc8+ Ke7 22. Rc7+ Ke6 23. Rxa7 Rc6 24. Ne1 Be7 25.
Nd3 Bd6+ 26. g3 Kf6 27. Kg2 Kg6 28. Kf3 f5 29. Nf4+ Bxf4 30. Kxf4 Kf6 31. Kf3 g5 32. g4 fxg4+ 33. Kxg4 Kg6 34. Kf3 h5 35. Rd7 Rf6+ 36. Kg2 Kf5 37. Rxd5+ Kg4 38. f3+ Rxf3 39. Rxg5+ Kxg5 40.
Kxf3 Kf5 41. e4+ Ke6 42. Kf4 Kd6 43. b4 Ke6 44. a4 h4 45. Kg4 h3 46. Kxh3 Kd6 47.
Kg4 Ke6 48. Kf4 Kd6 49. Kf5 Kd7 50. Ke5 Ke7 51. Kd5 Kd7 52. Kc5 Kc7 53. e5 Kb7 54. d5 Kc7 55. d6+ Kd7 56. Kd5 a5 57.
bxa5 Kc8 58. Kc6 Kb8 59. e6 Ka7 60. e7 Ka6 61. e8=R 1-0

[Event "Late-Titled-Tuesday-Blitz-January-30-2024"]
[Site "Chess.com"]
[Date "2024.01.30"]
[Round "7"]
[White "Noki102"]
[Black "ChessSkool"]
[Result "0-1"]
[WhiteElo "2520"]
[BlackElo "2706"]
[TimeControl "180+1"]
[EndTime "15:17:16 PST"]
[Termination "ChessSkool won on time"]

1. d4 d5 2. Nf3 Nf6 3. Bf4 c5 4. e3 cxd4 5. exd4 Nc6 6. c3 Bf5 7. Bd3 Bxd3 8. Qxd3 e6 9. Nbd2 Bd6 10. Bxd6 Qxd6 11.
O-O O-O 12. a4 a6 13. a5 Qc7 14. b4 Ne7 15. Nb3 Ne4 16. Nc5 Nxc5 17. bxc5 h6 18. Rfb1 Nc6 19. Rb6 Rfd8 20. g3 Rd7 21. h4 Re8 22. Kg2 e5 23. dxe5 Nxe5 24. Nxe5 Rxe5 25. c6 bxc6 26. Rxa6 Re8 27. Rb1 g6 28. Rab6 Ra8 29. a6 Qd6 30. Qd4 Kh7 31. Rb7 Re7 32. a7 c5 33. Qa4 Qe6 34. Rxe7 Qxe7 35. Ra1 Kg7 36. Qa5 g5 37. hxg5 hxg5 38. Qb6 Qe4+ 39. Kg1 Rh8 40.
f3 Qxf3 0-1

[Event "Late-Titled-Tuesday-Blitz-January-30-2024"]
[Site "Chess.com"]
[Date "2024.01.30"]
[Round "7"]
[White "AlexeiShirov"]
[Black "ozen_metehan"]
[Result "1-0"]
[WhiteElo "2776"]
[BlackElo "2488"]
[TimeControl "180+1"]
[EndTime "15:17:20 PST"]
[Termination "AlexeiShirov won by resignation"]

1. e4 e6 2. d4 d5 3. e5 c5 4. c3 Nc6 5. Nf3 Qb6 6. Be2 Bd7 7.
O-O Nge7 8. dxc5 Qxc5 9. b4 Qb6 10. b5 Na5 11. Be3 Qc7 12. Bd4 Nf5 13. a4 Be7 14. Bd3 b6 15. Bxf5 exf5 16. e6 fxe6 17. Bxg7 Rg8 18.
Be5 Bd6 19. Re1 O-O-O 20. Nbd2 Kb8 21. Rc1 Be8 22. Bxd6 Qxd6 23. Ne5 Rc8 24. c4 d4 25. Nd3 Bf7 26. Qe2 Rgd8 27. Qe5 Qxe5 28. Rxe5 Nb7 29. Nb3 Kc7 30. c5 bxc5 31. Nbxc5 Nxc5 32. Rexc5+ Kb7 33. a5 Rxc5 34. Rxc5 Rc8 35. f4 Be8 36. Kf2 Rxc5 37.
Nxc5+ Kb8 38. b6 axb6 39. axb6 Bf7 40. Ke2 h5 41. g3 1-0

[Event "Late-Titled-Tuesday-Blitz-January-30-2024"]
[Site "Chess.com"]
[Date "2024.01.30"]
[Round "7"]
[White "RebecaJimnz"]
[Black "Zq1"]
[Result "0-1"]
[WhiteElo "2299"]
[BlackElo "2497"]
[TimeControl "180+1"]
[EndTime "15:17:20 PST"]
[Termination "Zq1 won by resignation"]

1. e4 c5 2. Nc3 g6 3. g3 Bg7 4.
Bg2 Nc6 5. d3 d6 6. Be3 b5 7.
Qd2 b4 8. Nd1 Rb8 9. Ne2 a5 10.
O-O h5 11. h3 Ba6 12. f4 e6 13. f5 Ne5 14. fxe6 fxe6 15. Nf4 Qe7 16. Nf2 c4 17. d4 c3 18. bxc3 Nc4 19. Qc1 Nxe3 20. Qxe3 Bxf1 21. Rxf1 Bh6 22. e5 d5 23. N2d3 bxc3 24. h4 Rb6 25.
Bh3 g5 26. Ng6 gxh4 27. Qf3 Qg7 28. Nxh8 Qxg3+ 29. Qxg3 hxg3 30. Kg2 h4 31. Ng6 Ne7 32. Nxh4 Be3 33. Kxg3 Bxd4 34. Ng6 Nxg6 35. Rf6 Nxe5 36. Rxe6+ Rxe6 37. Bxe6 Nxd3 38. Bxd5 Nb4 39. Be4 Nxa2 40.
Kf4 Nb4 41. Bg6+ Kd7 0-1

[Event "Late-Titled-Tuesday-Blitz-January-30-2024"]
[Site "Chess.com"]
[Date "2024.01.30"]
[Round "7"]
[White "noblerone"]
[Black "lluiss"]
[Result "1-0"]
[WhiteElo "2451"]
[BlackElo "2180"]
[TimeControl "180+1"]
[EndTime "15:17:20 PST"]
[Termination "noblerone won by resignation"]

1. e4 e6 2. d4 d5 3. Nd2 Nf6 4. e5 Nfd7 5. f4 g6 6. Ndf3 h5 7.
Be3 b6 8. Bd3 Ba6 9. Ne2 c5 10.
c3 Bxd3 11. Qxd3 Be7 12. O-O-O c4 13. Qc2 b5 14. h3 Nc6 15. g4 b4 16. f5 gxf5 17.
gxf5 exf5 18. Qxf5 bxc3 19. e6 cxb2+ 20. Kb1 Rf8 21.
exd7+ Qxd7 22. Qxd7+ Kxd7 23. Nc3 Nb4 24. Ne1 Kc6 25. Rf1 f5 26. Nf3 Bd6 27. Ne5+ Bxe5 28. dxe5 Rad8 29. Ne2 Nd3 30. Nd4+ Kd7 31. Kc2 Rb8 32.
Rb1 Nb4+ 33. Kxb2 Nc6+ 34. Kc3 Nxe5 35. Rxb8 Rxb8 36. Rxf5 Nd3 37. Rxd5+ Ke7 38. Nc6+ 1-0

[Event "Late-Titled-Tuesday-Blitz-January-30-2024"]
[Site "Chess.com"]
[Date "2024.01.30"]
[Round "7"]
[White "Atousa"]
[Black "rose107"]
[Result "1-0"]
[WhiteElo "2389"]
[BlackElo "2119"]
[TimeControl "180+1"]
[EndTime "15:17:20 PST"]
[Termination "Atousa won on time"]

1. Nf3 Nf6 2. e3 d5 3. b3 c5 4. Bb2 Nc6 5. Bb5 e6 6. O-O Bd6 7. d3 O-O 8. Nbd2 Nb8 9. d4 Bd7 10. Bd3 Nc6 11. dxc5 Bxc5 12. a3 h6 13. b4 Bd6 14. c4 Rc8 15. Qe2 Ng4 16. Rac1 Nge5 17.
Bb1 dxc4 18. Nxc4 Nxc4 19. Rxc4 Be7 20. Qd3 f5 21. Rd1 Be8 22. Qb3 Qb6 23. Ba2 Bf7 24.
Ne5 Nxe5 25. Bxe5 Qb5 26. Rxc8 Rxc8 27. Bd4 a5 28. bxa5 Qxb3 29. Bxb3 Bxa3 30. Kf1 Kf8 31. Ke2 Bb4 32. Bb6 Ke7 33. Ba4 Be8 34. Bxe8 Kxe8 35. Kd3 Rc6 36. Rb1 1-0

[Event "Late-Titled-Tuesday-Blitz-January-30-2024"]
[Site "Chess.com"]
[Date "2024.01.30"]
[Round "7"]
[White "Cubitas"]
[Black "Quattroporte300"]
[Result "1-0"]
[WhiteElo "2731"]
[BlackElo "2411"]
[TimeControl "180+1"]
[EndTime "15:17:21 PST"]
[Termination "Cubitas won by resignation"]

1. Nc3 Nf6 2. e4 e5 3. Nf3 Nc6 4. Bb5 Bb4 5. O-O O-O 6. d3 Bxc3 7. bxc3 d6 8. Bg5 h6 9. Bh4 a6 10. Bc4 Na5 11. Bb3 Nxb3 12. axb3 Qe7 13. Re1 c6 14.
Nd2 Kh7 15. Nc4 Be6 16. Bxf6 gxf6 17. Ne3 Rg8 18. Qf3 Rg6 19. d4 Rag8 20. g3 d5 21. exd5 cxd5 22. Nxd5 Qd8 23. Ne3 exd4 24. Rad1 Qc8 25.
cxd4 f5 26. d5 Bd7 27. Qf4 b5 28. Rd2 Qb8 29. Qxb8 Rxb8 30. Ng2 Rd6 31. Nf4 Kg7 32. Re7 Kf6 33. Rde2 Be6 34. Ra7 Bxd5 35. Rd2 Rbd8 36. Nxd5+ Rxd5 37. Rxa6+ Ke5 38. Re2+ Kd4 39. Rxh6 Kc3 40.
Rc6+ Kb4 41. Rf6 Rc8 42. Rxf7 Rd1+ 43. Kg2 Rcd8 44. Rxf5 1-0

[Event "Late-Titled-Tuesday-Blitz-January-30-2024"]
[Site "Chess.com"]
[Date "2024.01.30"]
[Round "7"]
[White "GAO"]
[Black "annacramling"]
[Result "1-0"]
[WhiteElo "2396"]
[BlackElo "2115"]
[TimeControl "180+1"]
[EndTime "15:17:25 PST"]
[Termination "GAO won by checkmate"]

1. a3 d6 2. b4 e6 3. Bb2 Ne7 4. e3 Ng6 5. Nf3 Nd7 6. h4 h5 7. d4 Nf6 8. Bd3 Ne7 9. Ng5 Nf5 10. Qf3 d5 11. Nd2 Be7 12. e4 dxe4 13. Ndxe4 Nxd4 14. Bxd4 Qxd4 15. O-O O-O 16. Nxf6+ Qxf6 17. Qxh5 Qh6 18. Bh7+ Kh8 19. Nxf7+ Rxf7 20. Qxf7 Kxh7 21. Qxe7 e5 22. Rae1 Bf5 23. Rxe5 Bxc2 24. Qxc7 Bg6 25. Rfe1 Rf8 26. Qc4 Qd2 27. Qe2 Qf4 28. h5 Bd3 29. Qe3 Qc4 30. Re7 Bc2 31. h6 Kg6 32. Rxg7+ Kh5 33. Qg5# 1-0

[Event "Late-Titled-Tuesday-Blitz-January-30-2024"]
[Site "Chess.com"]
[Date "2024.01.30"]
[Round "7"]
[White "Walter_White_Poland"]
[Black "Orest_Vovk"]
[Result "1-0"]
[WhiteElo "2333"]
[BlackElo "2489"]
[TimeControl "180+1"]
[EndTime "15:17:28 PST"]
[Termination "Walter_White_Poland won by checkmate"]

1. d4 h6 2. e4 g5 3. h4 g4 4. Qxg4 d5 5. Qd1 dxe4 6. Nc3 Nf6 7. f3 exf3 8. Nxf3 Bg4 9. Bc4 e6 10. O-O Bd6 11. Qe1 c6 12. Ne5 Nbd7 13. Nxg4 Nxg4 14. Rxf7 e5 15. Ne4 Qc7 16. Qg3 h5 17. Bg5 Nb6 18.
Rxc7 Bxc7 19. Nf6+ Nxf6 20. Bxf6 Rf8 21. Qg7 Nc8 22.
Bd3 Rf7 23. Bg6 Nd6 24. Bxf7+ Nxf7 25. Qg8+ Kd7 26. Qxf7+ Kd6 27. Qe7+ Kd5 28. Qxc7 exd4 29. Qe5+ Kc4 30. b3+ Kb4 31. a3+ Kc3 32. Qxd4+ Kxc2 33. Qc3# 1-0

[Event "Late-Titled-Tuesday-Blitz-January-30-2024"]
[Site "Chess.com"]
[Date "2024.01.30"]
[Round "7"]
[White "Rikikits"]
[Black "blitis"]
[Result "1-0"]
[WhiteElo "2840"]
[BlackElo "2625"]
[TimeControl "180+1"]
[EndTime "15:17:30 PST"]
[Termination "Rikikits won by resignation"]

1. d4 d6 2. c4 f5 3. Nc3 Nf6 4.
Bg5 Nbd7 5. Qc2 e6 6. O-O-O Be7 7. h4 h6 8. Bd2 c6 9. e4 fxe4 10. Nxe4 d5 11. Ng3 O-O 12. Nf3 b5 13. c5 e5 14. Nxe5 Nxe5 15. dxe5 Ng4 16. f4 Nf2 17. Bd3 Nxd1 18. Qxd1 Bxc5 19. f5 Bd4 20. e6 Qd6 21. Nh5 c5 22. Qg4 Qe7 23. Bxh6 c4 24.
Bc2 Be5 25. Qg6 Bf6 26. Bg5 d4 27. Bxf6 Rxf6 28. Nxf6+ Qxf6 29. Qxf6 gxf6 30. Be4 Rb8 31. g4 Bb7 32. Bxb7 Rxb7 33. g5 Kg7 34. g6 b4 35. h5 Kh6 36. Rh4 c3 37. Rxd4 Rb5 38.
bxc3 bxc3 39. Re4 Rxf5 40. e7 Rf1+ 41. Kc2 Rf2+ 42. Kxc3 1-0

[Event "Late-Titled-Tuesday-Blitz-January-30-2024"]
[Site "Chess.com"]
[Date "2024.01.30"]
[Round "7"]
[White "akanga001"]
[Black "Chemim21"]
[Result "1-0"]
[WhiteElo "2003"]
[BlackElo "2219"]
[TimeControl "180+1"]
[EndTime "15:17:31 PST"]
[Termination "akanga001 won on time"]

1. d4 e6 2. c4 d5 3. e3 Nf6 4. Nf3 Be7 5. Qc2 Nbd7 6. Nc3 a6 7. b3 b6 8. Be2 Bb7 9. O-O O-O 10. Bb2 Rc8 11. Rad1 Bb4 12. a3 Bxc3 13. Bxc3 Ne4 14. Bb2 f5 15. Rfe1 Qe7 16. Bf1 g5 17. g3 f4 18. Bg2 g4 19. Nh4 fxg3 20. fxg3 Ndf6 21. cxd5 Bxd5 22. b4 Rf7 23. Rf1 Ng5 24. Bxd5 exd5 25.
Nf5 Qe6 26. Nh6+ Kg7 27. Nxf7 Qxe3+ 28. Qf2 Nh3+ 29. Kg2 Nxf2 30. Rxf2 Kxf7 31. Rdf1 Kg7 32. Rxf6 Re8 33. Bc1 Qe4+ 34. Kg1 Qxd4+ 35. R6f2 Kg6 36. Kg2 Qe4+ 37. Kg1 Re6 38. Bb2 d4 39. Rf4 d3 40.
Rxe4 Rxe4 41. Bc3 Re2 42. Rd1 Rc2 43. Rxd3 c5 44. bxc5 bxc5 45. a4 c4 46. Re3 Kf5 47. a5 Rc1+ 48. Kf2 Rc2+ 49. Kg1 Rc1+ 50. Be1 1-0

[Event "Late-Titled-Tuesday-Blitz-January-30-2024"]
[Site "Chess.com"]
[Date "2024.01.30"]
[Round "7"]
[White "PapaieDudu"]
[Black "SnekkerAndersen"]
[Result "0-1"]
[WhiteElo "2408"]
[BlackElo "2642"]
[TimeControl "180+1"]
[EndTime "15:17:33 PST"]
[Termination "SnekkerAndersen won by resignation"]

1. e4 e6 2. d4 d5 3. e5 c5 4. c3 Nc6 5. Nf3 Bd7 6. Be2 f6 7.
exf6 Nxf6 8. O-O Bd6 9. Bg5 O-O 10. Nbd2 Qe8 11. dxc5 Bxc5 12. Nb3 Bd6 13. Re1 Ne4 14. Be3 Rd8 15. c4 Qh5 16. cxd5 exd5 17. h3 Kh8 18.
Ng5 Qg6 19. Qxd5 Bf5 20. Nxe4 Bxe4 21. Qg5 Qf7 22. Nd2 Bd5 23. Bh5 Qc7 24. Rac1 Bxa2 25. Nc4 Bf4 26. Bxf4 Qxf4 27. Qxf4 Rxf4 28. Ne3 g6 29.
Bf3 Ne5 30. Bxb7 Rb8 31. Rc7 Nd3 32. Rd1 Nxf2 33. Rdd7 Bg8 34. Nd5 Rff8 35. Rg7 Ne4 36. Ne3 Nf6 37. h4 Nh5 38. Ng4 Nxg7 39. Nh6 Ne6 40. Re7 Rbe8 41. Rd7 Rd8 42. Re7 Rfe8 43. Rf7 Bxf7 44. Nxf7+ Kg7 45. Ne5 Nc5 46. Nc6 Nxb7 0-1

[Event "Late-Titled-Tuesday-Blitz-January-30-2024"]
[Site "Chess.com"]
[Date "2024.01.30"]
[Round "7"]
[White "StellarChess"]
[Black "pr1105"]
[Result "1-0"]
[WhiteElo "2554"]
[BlackElo "2430"]
[TimeControl "180+1"]
[EndTime "15:17:33 PST"]
[Termination "StellarChess won by resignation"]

1. d4 Nf6 2. Bg5 d5 3. Nd2 c5 4. e3 Ne4 5. Nxe4 dxe4 6. d5 Qa5+ 7. Qd2 Qxd2+ 8. Kxd2 e6 9. c4 h6 10. Bh4 g5 11.
Bg3 Bg7 12. Kc2 exd5 13. cxd5 Nd7 14. Ne2 O-O 15. Nc3 f5 16. Bd6 Re8 17. h4 g4 18. Nb5 Be5 19. Bxe5 Rxe5 20. Nc7 Rb8 21. a4 a6 22. Bc4 Nb6 23. Ba2 Kf8 24. Rhd1 Bd7 25.
a5 Nc8 26. Ne6+ Ke8 27. Nxc5 Nd6 28. b4 Bb5 29. Kb2 Nc4+ 30. Bxc4 Bxc4 31. d6 b6 32. axb6 Rxb6 33. d7+ Kd8 34. Kc3 Bb5 35. Rd4 Rc6 36. Kb2 Rb6 37. Ra3 Rb8 38. Kc1 Rb6 39. Kd2 Rb8 40. g3 Rb6 41. Ke1 Rb8 42. Ra1 Rb6 43.
Rc1 Rb8 44. Rd6 Re7 45. Ne6+ Rxe6 46. Rxe6 Bxd7 47. Rxh6 Bb5 48. Rh8+ Be8 49. Ra1 Rxb4 50. Rxa6 Rb1+ 51. Kd2 Ke7 52. Ra7+ Bd7 53. Rh7+ Ke6 1-0

[Event "Late-Titled-Tuesday-Blitz-January-30-2024"]
[Site "Chess.com"]
[Date "2024.01.30"]
[Round "7"]
[White "Cambek64"]
[Black "jk13"]
[Result "1-0"]
[WhiteElo "2534"]
[BlackElo "2682"]
[TimeControl "180+1"]
[EndTime "15:17:34 PST"]
[Termination "Cambek64 won by resignation"]

1. d4 Nf6 2. c4 e6 3. Nc3 Bb4 4. Qc2 O-O 5. a3 Bxc3+ 6. Qxc3 d5 7. Bg5 c5 8. e3 Nc6 9. Nf3 cxd4 10. exd4 Ne4 11. Bxd8 Nxc3 12. Bh4 Ne4 13. Bd3 Nd6 14. c5 Nf5 15. Bxf5 exf5 16. Kd2 f6 17. Bg3 g5 18.
Bd6 Re8 19. Rhe1 Re4 20. Kc3 Bd7 21. Rxe4 fxe4 22. Nd2 a5 23. b3 Kf7 24. Re1 f5 25. f3 Kg6 26. g4 exf3 27. gxf5+ Bxf5 28. Nxf3 Be4 29. Ne5+ Nxe5 30. dxe5 g4 31. e6 Kf6 32. e7 h5 33. Rf1+ Bf3 34. Re1 Kf7 35. Re5 Rh8 36.
Rf5+ Ke6 37. Rf8 d4+ 38. Kxd4 1-0

[Event "Late-Titled-Tuesday-Blitz-January-30-2024"]
[Site "Chess.com"]
[Date "2024.01.30"]
[Round "7"]
[White "Zura_19"]
[Black "GMG"]
[Result "1-0"]
[WhiteElo "2568"]
[BlackElo "2797"]
[TimeControl "180+1"]
[EndTime "15:17:37 PST"]
[Termination "Zura_19 won on time"]

1. d4 f5 2. Bg5 h6 3. Bh4 g5 4.
Bg3 Bg7 5. e3 c5 6. c3 Qb6 7.
Na3 d5 8. Nf3 Bd7 9. Ne5 Nf6 10.
Nxd7 Nbxd7 11. Qc2 Ne4 12. Be2 O-O 13. f3 Nxg3 14.
hxg3 e5 15. dxe5 Nxe5 16. Rd1 Rad8 17. f4 Ng4 18. Bxg4 fxg4 19. O-O c4 20. Qe2 Rde8 21. Rxd5 Rxe3 22. Qxc4 Rxg3+ 23. Kh1 Kh8 24. fxg5 hxg5 25. Rxf8+ Bxf8 26. Qd4+ Bg7 27. Qxb6 axb6 28. Rxg5 Bh6 29. Rh5 Kg7 30. Nc4 Bc1 31. Rb5 Rd3 32.
Kh2 1-0

[Event "Late-Titled-Tuesday-Blitz-January-30-2024"]
[Site "Chess.com"]
[Date "2024.01.30"]
[Round "7"]
[White "ansko1999"]
[Black "Matalon"]
[Result "1-0"]
[WhiteElo "2676"]
[BlackElo "2446"]
[TimeControl "180+1"]
[EndTime "15:17:39 PST"]
[Termination "ansko1999 won by checkmate"]

1. e3 g6 2. c4 Bg7 3. Nc3 d6 4. g3 Nf6 5. Bg2 O-O 6. Nge2 c5 7. O-O Nc6 8. d3 Bd7 9. e4 a6 10. a4 Ne8 11. Be3 Nc7 12. d4 b6 13. b3 e5 14.
dxe5 dxe5 15. h3 Ne6 16. Nd5 Ned4 17. Nec3 Be6 18. f4 f5 19. exf5 Nxf5 20. fxe5 Bxe5 21. Bf4 Nxg3 22. Bxe5 Nxf1 23. Bc7 Qg5 24. Ne4 Qh4 25. Nef6+ Rxf6 26. Nxf6+ Qxf6 27. Qxf1 Qd4+ 28. Kh1 Rc8 29. Bh2 Bf7 30. Rd1 Qg7 31. Rd7 Nd4 32. Be5 Rf8 33. Bxg7 Kxg7 34. Bd5 Kh6 35. Rxf7 Rd8 36. Qf4+ g5 37. Qf6+ Kh5 38. Rxh7# 1-0

[Event "Late-Titled-Tuesday-Blitz-January-30-2024"]
[Site "Chess.com"]
[Date "2024.01.30"]
[Round "7"]
[White "CarlosjPineror"]
[Black "Alex_Sahakyan2006"]
[Result "0-1"]
[WhiteElo "2682"]
[BlackElo "2869"]
[TimeControl "180+1"]
[EndTime "15:17:40 PST"]
[Termination "Alex_Sahakyan2006 won by resignation"]

1. e4 e5 2. Nf3 Nc6 3. Bb5 a6 4.
Ba4 d6 5. d3 g6 6. c3 Bg7 7. h4 Bg4 8. Bg5 Ne7 9. Nbd2 h6 10.
Bxe7 Qxe7 11. Nf1 O-O 12. Ne3 Be6 13. Bb3 Nd8 14. h5 c6 15. Nh4 Qg5 16. hxg6 fxg6 17. Bxe6+ Nxe6 18. Qg4 Nf4 19. O-O-O Qxg4 20. Nxg4 h5 21.
Ne3 Bf6 22. Nf3 Be7 23. Rh2 Kg7 24. Rdh1 Nxd3+ 25. Kc2 Nxf2 26. Re1 Nxe4 27. Nc4 Ng3 28. Nb6 Rad8 29. Rh3 Nf5 30. a4 Bf6 31. a5 Rfe8 32.
b4 e4 33. Nd2 d5 34. Nb3 d4 35. c4 d3+ 36. Kd1 e3 37. Nc5 Bc3 38. Nbd7 e2+ 0-1

[Event "Late-Titled-Tuesday-Blitz-January-30-2024"]
[Site "Chess.com"]
[Date "2024.01.30"]
[Round "7"]
[White "Hikaru"]
[Black "TigrVShlyape"]
[Result "1-0"]
[WhiteElo "3300"]
[BlackElo "2960"]
[TimeControl "180+1"]
[EndTime "15:17:45 PST"]
[Termination "Hikaru won on time"]

1. e4 c5 2. Nf3 e6 3. c3 d5 4. e5 d4 5. Bd3 Nc6 6. O-O Nge7 7.
Re1 Ng6 8. g3 Qc7 9. Qe2 Bd7 10.
Na3 a6 11. Nc2 Be7 12. cxd4 cxd4 13. b3 O-O 14. Bb2 Rfd8 15. h4 h6 16. Rac1 Qb6 17.
h5 Nf8 18. Ncxd4 Rac8 19. Nxc6 Bxc6 20. Be4 Bxe4 21. Qxe4 Nd7 22. d4 Qb5 23. Kg2 Nb8 24. Red1 Rxc1 25. Rxc1 Nc6 26. Ne1 a5 27. Rc4 Nb4 28. Ba3 Nd5 29. Bxe7 Nxe7 30. Nd3 Nd5 31. Nf4 Nxf4+ 32. Qxf4 Qd7 33. Qe4 b5 34. Rc5 a4 35.
bxa4 bxa4 36. Rc4 Qb5 37. Qc2 a3 38. Ra4 Qb7+ 39. Kg1 Rc8 40. Qd1 Qb2 41. Qd3 1-0

[Event "Late-Titled-Tuesday-Blitz-January-30-2024"]
[Site "Chess.com"]
[Date "2024.01.30"]
[Round "7"]
[White "OneTrickPony_82"]
[Black "JakubPulpan"]
[Result "0-1"]
[WhiteElo "2507"]
[BlackElo "2708"]
[TimeControl "180+1"]
[EndTime "15:17:45 PST"]
[Termination "JakubPulpan won on time"]

1. d4 a6 2. e4 g6 3. Nf3 Bg7 4. Be3 b5 5. a4 Bb7 6. Nbd2 b4 7. Bc4 e6 8. d5 Nf6 9. O-O exd5 10. exd5 d6 11. Bg5 h6 12. Re1+ Kf8 13. Bxf6 Bxf6 14. Rb1 Nd7 15. a5 Nc5 16. Ne4 Nxe4 17. Rxe4 Kg7 18. Qe2 Re8 19. b3 Bc3 20. Rd1 Qd7 21. Rxe8 Rxe8 22. Qd3 Qc8 23. h3 Re7 24. Nd4 Re5 25. Nc6 Bxc6 26. dxc6 Rxa5 27. g3 Qxh3 28. Qf3 Rf5 29. Qe2 Re5 30. Qf3 Qf5 31. Qxf5 Rxf5 32. Bxa6 Rc5 33. Bb7 Be5 34. Rd2 g5 35.
Re2 f5 36. Kg2 Kf6 37. Rd2 h5 38. Re2 g4 39. f4 gxf3+ 40. Kxf3 Rc3+ 41. Re3 Rxc2 42. Rd3 Rh2 43. Bc8 h4 44. gxh4 Rxh4 45. Kg2 Rh2+ 46.
Kg1 Rc2 47. Rf3 f4 48. Bd7 Bd4+ 49. Kf1 Be3 50. Ke1 d5 51. Kd1 Rc3 52. Rh3 d4 53. Rh5 d3 54. Rf5+ Ke7 55. Re5+ Kd6 56. Re6+ Kd5 0-1

[Event "Late-Titled-Tuesday-Blitz-January-30-2024"]
[Site "Chess.com"]
[Date "2024.01.30"]
[Round "7"]
[White "alexgo05"]
[Black "crazy_but_lazy"]
[Result "0-1"]
[WhiteElo "2397"]
[BlackElo "2634"]
[TimeControl "180+1"]
[EndTime "15:17:46 PST"]
[Termination "crazy_but_lazy won on time"]

1. Nf3 d5 2. b3 c6 3. c4 Nf6 4. Bb2 e6 5. e3 Bd6 6. Nc3 O-O 7. d4 Nbd7 8. Bd3 b6 9. O-O Bb7 10. e4 dxe4 11. Nxe4 Nxe4 12. Bxe4 f5 13. Bc2 c5 14. Qe2 Re8 15. Rad1 Qc7 16. Rfe1 Rad8 17. d5 exd5 18.
Qxe8+ Rxe8 19. Rxe8+ Kf7 20. Rde1 d4 21. Bxf5 Bxf3 22.
gxf3 Ne5 23. Rc8 Qe7 24. Kf1 Qg5 25. Be4 Qh4 26. Bd5+ Kf6 27. Bc1 Qxh2 28. Re8 d3 29. Re6+ Kf5 30. f4 Ng4 31. Bg2 Bxf4 32. Re8 d2 33.
Bxd2 Bxd2 34. Rf8+ Kg5 35. Re7 g6 36. Re4 Qd6 37.
Rf3 Bf4 0-1

[Event "Late-Titled-Tuesday-Blitz-January-30-2024"]
[Site "Chess.com"]
[Date "2024.01.30"]
[Round "7"]
[White "KamlaPasand"]
[Black "bazar-wokzal"]
[Result "1-0"]
[WhiteElo "2491"]
[BlackElo "2589"]
[TimeControl "180+1"]
[EndTime "15:17:47 PST"]
[Termination "KamlaPasand won by resignation"]

1. e4 Nc6 2. d4 d5 3. e5 h5 4. Nf3 Bg4 5. Be2 Qd7 6. O-O O-O-O 7.
c3 f6 8. b4 Bxf3 9. Bxf3 fxe5 10. b5 Na5 11. dxe5 e6 12. a4 Bc5 13. Ba3 Qe7 14.
Bxc5 Qxc5 15. Nd2 Ne7 16. Nb3 Qxc3 17. Nd4 Rh6 18. Rc1 Qa3 19. Bxh5 Nc4 20. Bg4 Nxe5 21. Nxe6 Nxg4 22. Qxg4 Rg6 23. Rxc7+ Kb8 24. Qf4 Qd6 25.
Rxe7 Rxe6 26. Qxd6+ Rdxd6 27. Rxe6 Rxe6 28. Rd1 Kc7 29. f4 Kd6 30. Rd4 Kc5 31. Rd2 Re4 32. f5 Rxa4 33. h3 d4 34. g4 Kxb5 35. g5 Kc4 36. f6 gxf6 37. g6 Kc3 38. Rg2 d3 39. g7 d2 40. Rxd2 Kxd2 41. g8=Q a5 42. Qg2+ Kc3 43.
Qxb7 Ra1+ 44. Kf2 a4 45. Qc6+ Kb3 46. Qxf6 Rc1 47. Qb6+ Ka2 48. h4 a3 49. h5 Rh1 50.
Qe6+ Ka1 51. Qe5+ Ka2 52. Qd5+ Kb2 53. Qxh1 a2 54. h6 1-0